 Dungeon Crawl Stone Soup version 0.31-a0-210-gccc998df9b (webtiles) character file.

Game seed: 18228624929628864813

86 qw the Shooter (level 4, 0/26 HPs)
             Began as a Gargoyle Hexslinger on June 30, 2023.
             Killed from afar by Sigmund (5 damage)
             ... with a puff of flame
             ... on level 3 of the Dungeon.
             The game lasted 00:00:49 (1582 turns).

qw the Shooter (Gargoyle Hexslinger)                Turns: 1582, Time: 00:00:49

Health: 0/26       AC:  8    Str: 13    XL:     4   Next: 50%
Magic:  14/14      EV: 11    Int: 14    God:
Gold:   196        SH:  5    Dex: 17    Spells: 4/5 levels left

rFire   + . .        Y - +1 sling
rCold   . . .        (no shield)
rNeg    + . .        h - +0 ring mail
rPois   inf          (no helmet)
rElec   +            (no cloak)
rCorr   .            (no gloves)
SInv    .            (no boots)
Will    .....        k - amulet of reflection
Stlth   +            a - ring "Yrerufij" {rF+ MP+9 Str+2 Dex+3}
HPRegen 0.24/turn    (no ring)
MPRegen 0.14/turn

%: reflection
@: about to teleport
A: sickness immunity, AC +3, negative energy resistance 1, electricity
resistance, torment resistance 1, petrification resistance
a: no special abilities


You were on level 3 of the Dungeon.
You visited 1 branch of the dungeon, and saw 3 of its levels.

You collected 196 gold pieces.


Innate Abilities, Weirdness & Mutations

You are immune to sickness and miasma.
Your stone body is resilient. (AC +3)
You are immune to poison.
You resist negative energy. (rN+)
You are resistant to electric shocks. (rElec)
You are resistant to unholy torment.
You are immune to petrification.


   Skills:
 - Level 2.0 Fighting
 + Level 4.1 Ranged Weapons
 - Level 1.0 Armour
 - Level 1.5 Dodging
 - Level 1.0 Spellcasting
 - Level 2.6 Hexes


You had 4 spell levels left.
You knew the following spells:

 Your Spells              Type           Power      Damage    Failure   Level
a - Slow                  Hex            32%        N/A       19%         1

Your spell library contained the following spells:

 Spells                   Type           Power      Damage    Failure   Level
 Inner Flame              Hex/Fire       4%         N/A       67%         3
 Portal Projectile        Hex/Tloc       8%         N/A       67%         3
 Cause Fear               Hex            4%         N/A       88%         4

Inventory:

Hand Weapons
 Y - a +1 sling (weapon)
Armour
 h - a +0 ring mail (worn)
Jewellery
 a - the ring "Yrerufij" (left hand) {rF+ MP+9 Str+2 Dex+3}
   (You acquired it on level 1 of the Dungeon)

   [ring of magical power]

   Str:       It affects your strength (+2).
   Dex:       It affects your dexterity (+3).
   rF:        It protects you from fire.
   MP:        It affects your magic capacity (+9).
 g - a ring of fire
 k - an amulet of reflection (around neck)
Scrolls
 f - a scroll of identify
Potions
 b - a potion of brilliance {unknown}
 c - a potion of heal wounds {unknown}
 d - a potion of attraction {unknown}
 e - a potion of mutation {unknown}
 i - a potion of haste {unknown}
 j - 3 potions of enlightenment {unknown}

Dungeon Overview and Level Annotations

Branches:
Dungeon (3/15)

Altars:

Shops:
D:1 =

Annotations:
D:3 1 transporter, Sigmund; qw's ghost, amateur DEHu


Message History

You shoot a sling bullet.
The sling bullet closely misses Sigmund.
The sling bullet hits the ball python.
The ball python is severely wounded.
Sigmund screams, "You will never...
NEVER!!!"
Sigmund barely misses you.
You shoot a sling bullet. The sling bullet hits Sigmund.
Sigmund is severely wounded.
Sigmund barely misses you.
You shoot a sling bullet.
The sling bullet closely misses the ball python.
The sling bullet hits Sigmund.
Sigmund is severely wounded.
The ball python bites you. The ball python barely misses you.
Sigmund barely misses you.
You shoot a sling bullet.
The sling bullet closely misses the ball python.
The sling bullet hits Sigmund but does no damage.
Sigmund is severely wounded.
You block the ball python's attack. The ball python closely misses you. x2
You block the ball python's attack.
You shoot a sling bullet.
The sling bullet closely misses the ball python.
The sling bullet barely misses Sigmund.
Sigmund barely misses you.
The ball python bites you but does no damage.
The ball python grabs you. The ball python constricts you.
You shoot a sling bullet. The sling bullet hits the ball python.
You kill the ball python!
Sigmund zaps a wand.
The puff of flame hits you. You resist.
1581 ||| READING scroll of teleportation.
As you read the scroll of teleportation, it crumbles to dust.
You feel strangely unstable. Sigmund closely misses you.
Qw's ghost whispers, "There is no future for you."
You shoot a sling bullet. The sling bullet hits Sigmund.
Sigmund is severely wounded.
Sigmund says, "Don't worry, I'll kill you fast."
Sigmund zaps a wand.
The puff of flame hits you. You resist.
You die...

...#.#...........#
...^....#.......#####
#.#..[..#.#..###..#
.#..#...#..#..###..#
.#^.....gK.#.......#
.##8.?$SW8##..####.#
..#########...####.#######
......^...................
........@...#############
#...#...........#
#...#.#..@......#
#...............#
#[.........######
...........######
##.###..........# #
#..^.......# #..........#


You could see Sigmund, qw's ghost, an adder, a hobgoblin and a kobold.

Vanquished Creatures
  3 adders
  2 dart slugs (D:1)
  4 orcs
  3 bats
  An endoplasm (D:1)
  4 giant cockroaches
  3 goblins
  8 hobgoblins
  5 kobolds
  3 quokkas
  6 ball pythons
  3 frilled lizards
  3 rats
48 creatures vanquished.

Notes
Turn   | Place    | Note
-------+----------+-------------------------------------------
     0 | D:1      | qw the Gargoyle Hexslinger began the quest for the Orb.
     0 | D:1      | Reached XP level 1. HP: 12/12 MP: 2/2
     0 | D:1      | 0 ||| qw: Version: 0.3-a-26-gee661ec
     0 | D:1      | 0 ||| qw: Game counter: 7305
     0 | D:1      | 0 ||| qw: Melee chars always use a shield: true
     0 | D:1      | 0 ||| qw: God list: Okawaru
     0 | D:1      | 0 ||| qw: Allow faded altars: false
     0 | D:1      | 0 ||| qw: Do Orc after clearing Dungeon:15 true
     0 | D:1      | 0 ||| qw: Do second Lair branch before Depths: true
     0 | D:1      | 0 ||| qw: Lair rune preference: random
     0 | D:1      | 0 ||| qw: Goals: Normal
     0 | D:1      | 0 ||| PLANNING D:1-11
    28 | D:1      | Found a faded altar of an unknown god.
    94 | D:1      | Reached XP level 2. HP: 16/16 MP: 3/3
   122 | D:1      | 122 ||| FLEEEEING.
   123 | D:1      | 123 ||| FLEEEEING.
   124 | D:1      | 124 ||| FLEEEEING.
   125 | D:1      | 125 ||| FLEEEEING.
   136 | D:1      | Reached skill level 3 in Ranged Weapons
   148 | D:1      | Found Colat's Jewellery Shoppe.
   157 | D:1      | 157 ||| SHOPLISTING +5 ring of evasion (432 gold, have 77).
   157 | D:1      | 157 ||| SHOPLISTING ring "Nela" {Fire Int-2 Slay+5} (585
                  | gold, have 77).
   157 | D:1      | 157 ||| SHOPLISTING ring of Divine Intervention {rC+ SInv}
                  | (348 gold, have 77).
   157 | D:1      | 157 ||| SHOPLISTING ring of protection from cold (300 gold,
                  | have 77).
   418 | D:1      | Reached XP level 3. HP: 15/21 MP: 4/4
   532 | D:1      | 532 ||| UPGRADING to +0 leather armour.
   542 | D:1      | 542 ||| DROPPING +0 robe.
   543 | D:1      | 543 ||| READING scroll labelled QIRHOL CONACEE.
   544 | D:1      | 544 ||| READING 2 scrolls labelled CODWIMI HORUIFAN.
   545 | D:1      | 545 ||| READING scroll labelled QIAVYI IRGHO.
   549 | D:1      | 549 ||| READING scroll labelled KAGIOR EPYIC.
   550 | D:1      | 550 ||| READING scroll labelled ZOKHOS LOMO.
   550 | D:1      | Identified a scroll of acquirement
   550 | D:1      | 550 ||| ACQUIRING ring "Yrerufij" {rF+ MP+9 Str+2 Dex+3}
   550 | D:1      | Acquired the ring "Yrerufij" {rF+ MP+9 Str+2 Dex+3}
   552 | D:1      | 552 ||| UPGRADING to ring "Yrerufij" {rF+ MP+9 Str+2
                  | Dex+3}.
   622 | D:1      | 622 ||| DROPPING scroll of poison.
   623 | D:1      | 623 ||| DROPPING scroll of vulnerability.
  1282 | D:2      | 1282 ||| UPGRADING to +0 ring mail.
  1292 | D:2      | 1292 ||| DROPPING +0 leather armour.
  1293 | D:2      | 1293 ||| UPGRADING to amulet of reflection.
  1298 | D:2      | 1298 ||| READING scroll labelled DEILYCV JYATOW.
  1299 | D:2      | 1299 ||| READING scroll labelled SAVOGHIOKE.
  1300 | D:2      | 1300 ||| READING scroll labelled YFIUNU XOQ GUU.
  1334 | D:3      | 1334 ||| STAIRDANCE
  1343 | D:2      | Reached XP level 4. HP: 21/26 MP: 5/5
  1397 | D:3      | Reached skill level 4 in Ranged Weapons
  1475 | D:3      | Reached skill level 1 in Armour
  1549 | D:3      | Noticed qw's ghost (amateur DEHu)
  1557 | D:3      | Noticed Sigmund
  1558 | D:3      | 1558 ||| FLEEEEING.
  1559 | D:3      | 1559 ||| FLEEEEING.
  1560 | D:3      | 1560 ||| FLEEEEING.
  1560 | D:3      | Found a transporter.
  1561 | D:3      | 1561 ||| FLEEEEING.
  1562 | D:3      | 1562 ||| FLEEEEING.
  1563 | D:3      | 1563 ||| FLEEEEING.
  1580 | D:3      | HP: 4/26 [Sigmund/puff of flame (5)]
  1581 | D:3      | 1581 ||| READING scroll of teleportation.
  1582 | D:3      | Killed from afar by Sigmund

Levels and vault maps discovered:
D:1:      minmay_arrival_cross, layout_rooms, serial_shops, shop,
          ebering_ecumenical_altar_sacrificial
D:2:      layout_basic
D:3:      layout_basic, gammafunk_ghost_arena, nicolae_goblin_pals, uniq_sigmund

Skill      XL: |  1  2  3  4 |
---------------+-------------+-----
Ranged Weapons | 3 4 |  4.1
Fighting       | 2 |  2.0
Armour         | 1 |  1.0
Dodging        | |  1.5
Spellcasting   | |  1.0
Hexes          | |  2.6

Action                     |  1- 3 |  4- 6 || total
---------------------------+-------+-------++-------
   Fire: Sling             |   118 |    57 ||   175
    Use: Scroll            |     8 |     1 ||     9
 Armour: Robe              |    12 |       ||    12
         Ring mail         |    14 |    10 ||    24
  Dodge: Dodged            |    33 |    29 ||    62
  Block: Other             |    12 |    11 ||    23

Table legend:
 A = Non-vault XP
 B = Vault XP
 C = Vault XP percentage of total XP
 D = Non-vault monster count
 E = Vault monster count
 F = Vault count percentage of total count
                 A         B        C        D         E       F
            +---------+---------+-------+---------+---------+-------
      Total |     124 |       0 |   0.0 |      48 |       0 |   0.0
            +---------+---------+-------+---------+---------+-------
        D:1 |      36 |       0 |   0.0 |      19 |       0 |   0.0
        D:2 |      42 |       0 |   0.0 |      17 |       0 |   0.0
        D:3 |      46 |       0 |   0.0 |      12 |       0 |   0.0
            +---------+---------+-------+---------+---------+-------
